 Dungeon Crawl Stone Soup version 0.19.1 (webtiles) character file.

1533 Dfrag the Thaumaturge (level 8, 0/62 HPs)
             Began as a Naga Conjurer on Nov 30, 2016.
             Was an Initiate of Makhleb.
             Slain by an orc warrior
             ... wielding a +0 flail of draining
              (15 damage)
             ... on level 6 of the Dungeon.
             The game lasted 00:09:55 (4693 turns).

Dfrag the Thaumaturge (Naga Conjurer)               Turns: 4693, Time: 00:09:55

Health: 0/62       AC:  8    Str: 12    XL:     8   Next: 85%
Magic:  3/20       EV:  9    Int: 17    God:    Makhleb [......]
Gold:   289        SH:  0    Dex: 11    Spells: 2 memorised, 20 levels left

rFire  . . .     SeeInvis +     C - +2 flail (protect)
rCold  . . .     Gourm    .     a - +0 robe
rNeg   . . .     Faith    .     (no shield)
rPois  +         Spirit   .     y - +1 helmet
rElec  .         Reflect  .     v - +1 cloak
rCorr  .         Harm     .     H - +0 pair of gloves (curse)
MR     ++...                    (no barding)
Stlth  ++........               (no amulet)
                                (no ring)
                                I - ring of protection from magic

@: heavily drained, very slow
A: see invisible, deformed body, poison resistance, slowness 2, slow metabolism
1, spit poison 1, AC +2
a: Spit Poison, Renounce Religion


You were on level 6 of the Dungeon.
You worshipped Makhleb.
Makhleb was noncommittal.
You were not hungry.

You visited 2 branches of the dungeon, and saw 7 of its levels.
You also visited: Sewer.

You collected 289 gold pieces.

Inventory:

Hand Weapons
 A - a +0 mace of draining
 C - a +2 flail of protection (weapon)
Armour
 a - a +0 robe (worn)
 m - a +0 cloak
 v - a +1 cloak (worn)
 y - a +1 helmet (worn)
 G - the +1 ring mail "Caorul" {MR+ Dex+4 Stlth+, unknown}
   (You found it on level 4 of the Dungeon)

   It affects your dexterity (+4).
   It affects your resistance to hostile enchantments.
   It makes you more stealthy.
 H - a cursed +0 pair of gloves (worn)
Jewellery
 w - an uncursed ring of fire
 I - a ring of protection from magic (left hand)
Wands
 D - a wand of confusion (28/48)
 F - a wand of random effects (25/48)
Scrolls
 d - 2 scrolls of identify {unknown}
 e - a scroll of blinking {unknown}
 g - a scroll of random uselessness {unknown}
 h - 3 scrolls of teleportation {unknown}
 i - 4 scrolls of recharging {unknown}
 n - a scroll of immolation {unknown}
 r - a scroll of noise {unknown}
 t - a scroll of amnesia {unknown}
 u - 2 scrolls of enchant armour {unknown}
 x - 2 scrolls of remove curse {unknown}
 K - a scroll of magic mapping {unknown}
Potions
 f - a potion of lignification {unknown}
 k - 2 potions of heal wounds {unknown}
 l - 2 potions of cancellation {unknown}
 o - 2 potions of agility
 q - 2 potions of curing
 s - 2 potions of brilliance {unknown}
 z - a potion of degeneration {unknown}
 B - 4 potions of flight {unknown}
 E - a potion of mutation {unknown}
 J - a potion of resistance {unknown}
Books
 b - a book of Conjurations

   Spells                             Type                      Level
   a - Magic Dart                     Conjuration                  1
   b - Searing Ray                    Conjuration                  2
   c - Dazzling Spray                 Conjuration/Hexes            3
   d - Fulminant Prism                Conjuration/Hexes            4
   e - Iskenderun's Mystic Blast      Conjuration                  4
   f - Iskenderun's Battlesphere      Conjuration/Charms           5
Comestibles
 c - 7 bread rations
 j - 2 slices of pizza
 p - 13 fruits
 L - a chunk of flesh


   Skills:
 - Level 1.5(0.3) Dodging
 - Level 3.0(1.7) Stealth
 * Level 8.4(6.9) Spellcasting
 + Level 7.2(5.7) Conjurations


You had 20 spell levels left.
You knew the following spells:

 Your Spells              Type           Power        Failure   Level  Hunger
a - Magic Dart            Conj           ####         1%          1    None
b - Searing Ray           Conj           ####..       1%          2    None


Dungeon Overview and Level Annotations

Branches:
Dungeon (6/15)             Temple (1/1) D:5

Altars:
Ashenzari
Cheibriados
Dithmenos
Elyvilon
Fedhas
Gozag
Hepliaklqana
Kikubaaqudgha
Makhleb
Nemelex Xobeh
Okawaru
Sif Muna
Trog
Uskayaw
Vehumet
Xom
Yredelemnul
The Shining One


Innate Abilities, Weirdness & Mutations

You cannot wear boots.
Your serpentine skin is tough. (AC +2)
You have supernaturally acute eyesight. (SInv)
Armour fits poorly on your strangely shaped body.
Your system is resistant to poisons. (rPois)
You cover ground very slowly.
You have a slow metabolism.
You can spit poison.


Message History

Aiming: Searing Ray
Press: ? - help, Shift-Dir - straight line, f/p - orc warrior
Aim: an orc warrior, wielding a flail of draining and wearing a plate armour (severely wounded)
The searing ray hits the orc warrior.
The orc warrior is almost dead.
The orc warrior closely misses you.
The searing ray hits the orc warrior.
The orc warrior is almost dead.
Casting: Searing Ray
Confirm with . or Enter, or press ? or * to list all spells.
Aiming: Searing Ray
Press: ? - help, Shift-Dir - straight line, f/p - orc warrior
Aim: an orc warrior, wielding a flail of draining and wearing a plate armour (almost dead)
The searing ray hits the orc warrior.
The orc warrior is almost dead.
The orc warrior barely misses you. The orc closely misses you.
The searing ray hits the orc warrior.
The orc warrior is almost dead.
The orc warrior hits you with a flail of draining!
You die...

#.........#.....#....
#.........#.....'....
#####.........#.....#....
..............#....##....
..............#######....
............[.+....##...#
.....)........#....##'###
##o#######..........
#.o@.....#..........
#........'..........
#...<....#....##...#
#........#....##...#
#....)..########...#
######### #.... .... ##


You could see an orc warrior and an orc.

Vanquished Creatures
  Sigmund (D:2)
  Eustachio (D:5)
  An ice beast (D:4)
  A phantom (D:5)
  A big kobold (Sewer)
  2 scorpions
  A howler monkey (D:4)
  A crimson imp (D:5)
  A quasit (D:3)
  4 orc priests
  A bullfrog skeleton (D:4)
  A centaur skeleton (D:4)
  A hound (D:5)
  5 orc wizards
  Crazy Yiuf (D:3)
  Jessica (D:2)
  Natasha (thrice) (D:3)
  2 worker ants
  A hound zombie (D:5)
  Robin (D:3)
  A river rat (Sewer)
  5 adders
  2 oozes (D:1)
  4 worms
  3 dart slugs
  5 leopard geckos
  18 orcs
  8 bats
  7 giant cockroaches
  13 goblins
  15 hobgoblins
  14 jackals
  3 quokkas
  8 frilled lizards
  18 kobolds
  16 rats
171 creatures vanquished.

Notes
Turn   | Place    | Note
-------+----------+-------------------------------------------
     0 | D:1      | Dfrag the Naga Conjurer began the quest for the Orb.
     0 | D:1      | Reached XP level 1. HP: 15/15 MP: 3/3
    40 | D:1      | Reached XP level 2. HP: 16/22 MP: 0/5
    44 | D:1      | Learned a level 2 spell: Searing Ray
   210 | D:1      | Reached XP level 3. HP: 26/28 MP: 7/7
   324 | D:1      | Reached skill level 3 in Spellcasting
   705 | D:2      | Noticed Jessica
   708 | D:2      | Killed Jessica
   708 | D:2      | Reached XP level 4. HP: 36/36 MP: 2/9
   800 | D:2      | Noticed Sigmund
   810 | D:2      | Killed Sigmund
   810 | D:2      | Reached skill level 4 in Spellcasting
   810 | D:2      | Reached skill level 5 in Conjurations
   810 | D:2      | Reached XP level 5. HP: 31/42 MP: 3/12
   810 | D:2      | Reached XP level 6. HP: 36/49 MP: 3/13
  1468 | D:2      | Found a blossoming altar of Fedhas.
  1494 | D:3      | Reached skill level 5 in Spellcasting
  1725 | D:3      | Noticed Natasha
  1736 | D:3      | Killed Natasha
  1757 | D:3      | Noticed Natasha
  1769 | D:3      | Noticed Robin
  1779 | D:3      | Killed Natasha
  1779 | D:3      | Reached XP level 7. HP: 21/55 MP: 0/15
  1785 | D:3      | Found an opulent altar of Gozag.
  1906 | D:3      | Found a runed door.
  1958 | D:3      | Killed Robin
  1959 | D:3      | Noticed Natasha
  1991 | D:3      | Killed Natasha
  2356 | D:3      | Noticed Crazy Yiuf
  2361 | D:3      | Killed Crazy Yiuf
  2361 | D:3      | Reached skill level 6 in Spellcasting
  2753 | D:4      | Found a glowing drain.
  2757 | Sewer    | Entered a sewer
  2904 | Sewer    | Reached skill level 7 in Spellcasting
  2904 | Sewer    | Reached XP level 8. HP: 57/62 MP: 3/18
  3008 | Sewer    | Found a white marble altar of Elyvilon.
  3125 | D:4      | Got a diamond-studded ring mail
  3128 | D:4      | Found an iron altar of Okawaru.
  3426 | D:5      | Entered Level 5 of the Dungeon
  3664 | D:5      | Noticed Eustachio
  3685 | D:5      | Killed Eustachio
  3685 | D:5      | Reached skill level 8 in Spellcasting
  3915 | D:5      | Found a staircase to the Ecumenical Temple.
  4032 | Temple   | Entered the Ecumenical Temple
  4138 | Temple   | Became a worshipper of Makhleb the Destroyer
  4693 | D:6      | Slain by an orc warrior

Skill      XL: |  1  2  3  4  5  6  7  8 |
---------------+-------------------------+-----
Spellcasting   | 3 4 5 7 8 |  8.4
Conjurations   | 5 6 7 |  7.2
Dodging        | |  1.5
Stealth        | |  3.0

Action                   |  1- 3 |  4- 6 |  7- 9 || total
-------------------------+-------+-------+-------++-------
Melee: Unarmed           |    10 |    16 |     4 ||    30
       Flail             |       |       |    90 ||    90
 Cast: Magic Dart        |    36 |    47 |    64 ||   147
       Searing Ray       |       |     9 |    43 ||    52
 Abil: Spit Poison       |    19 |    17 |    27 ||    63
  Use: Potion            |       |       |     1 ||     1
  Eat: Chunk             |       |     4 |    10 ||    14
Armor: Robe              |    13 |    21 |    92 ||   126
Dodge: Dodged            |    10 |    27 |   109 ||   146
